 Dungeon Crawl Stone Soup version 0.17.0-57-g0e89251 (webtiles) character file.

11342 PossumBlood the Cleaver (level 11, -8/101 HPs)
             Began as a Minotaur Fighter on Dec 7, 2015.
             Was a High Priest of Okawaru.
             Killed from afar by Azrael (47 damage)
             ... with a bolt of fire
             ... on level 12 of the Dungeon.
             The game lasted 00:29:41 (9953 turns).

PossumBlood the Cleaver (Minotaur Fighter)          Turns: 9953, Time: 00:29:41

Health: -8/101     AC: 23    Str: 25    XL:     11   Next: 48%
Magic:  10/10      EV:  6    Int:  5    God:    Okawaru [*****.]
Gold:   955        SH: 12    Dex:  9    Spells: 0 memorised, 10 levels left

rFire  . . .     SeeInvis +     a - +4 war axe (drain)
rCold  . . .     Clarity  .     r - +0 plate armour
rNeg   . . .     SustAt   .     c - +0 shield
rPois  +         Gourm    .     T - +0 hat {SInv}
rElec  .         Spirit   .     o - +2 cloak
rCorr  .         Warding  .     S - +1 pair of gloves {archery}
rMut   +         Stasis   .     Q - +1 pair of boots
MR     .....                    n - amulet of resist mutation
Stlth  ..........               I - ring of poison resistance
                                q - ring of see invisible

@: liquid flames, glowing, not resistant to hostile enchantments, extremely
unstealthy
A: retaliatory headbutt, horns 2
a: Heroism, Finesse, Renounce Religion


You were on level 12 of the Dungeon.
You worshipped Okawaru.
Okawaru was extremely pleased with you.
You were hungry.

You visited 2 branches of the dungeon, and saw 13 of its levels.
You also visited: Ossuary.

You collected 955 gold pieces.

Inventory:

Hand Weapons
 a - a +4 war axe of draining (weapon)
 j - a +4 quarterstaff of chaos
 w - a +2 flail of crushing
 G - a +0 battleaxe
 X - the +1 halberd "Suaticat" {chop, Int+4}
   (You found it on level 11 of the Dungeon)

   It inflicts extra damage upon your enemies.
   It affects your intelligence (+4).
Missiles
 h - 2 poisoned tomahawks
 i - 17 tomahawks (quivered)
 R - 12 exploding tomahawks
Armour
 c - a +0 shield (worn)
 o - a +2 cloak (worn)
 r - a +0 plate armour (worn)
 H - a +0 pair of gloves
 P - a +2 hat of intelligence
 Q - a +1 pair of boots (worn)
 S - a +1 pair of gloves of archery (worn)
 T - a +0 hat of see invisible (worn)
Jewellery
 n - an amulet of resist mutation (around neck)
 q - a ring of see invisible (left hand)
 y - an uncursed amulet of stasis
 z - an uncursed ring of wizardry
 A - an uncursed ring of teleportation
 I - a ring of poison resistance (right hand)
Wands
 b - a wand of slowing (31)
 f - a wand of fire (7)
 l - a wand of cold (12)
 C - a wand of invisibility (3)
 D - a wand of slowing (20)
 F - a wand of slowing (19)
 V - a wand of polymorph (10)
 W - a wand of draining (6)
Scrolls
 g - 9 scrolls of identify
 p - 2 scrolls of recharging
 t - 5 scrolls of remove curse
 E - 5 scrolls of teleportation
 K - a scroll of fear
Potions
 d - 3 potions of might
 k - 7 potions of curing
 m - 2 potions of lignification
 s - 2 potions of flight
 u - 5 potions of haste
 v - a potion of brilliance
 L - 3 potions of cancellation
 N - a potion of cure mutation
 O - a potion of resistance
 U - 3 potions of heal wounds
Comestibles
 e - 5 bread rations
 x - 4 meat rations
 B - 2 royal jellies
 J - a beef jerky
 M - 7 fruits


   Skills:
 + Level 10.7 Fighting
 * Level 13.4 Axes
 + Level 10.4 Armour
 + Level 10.4 Shields


You had 10 spell levels left.
You didn't know any spells.

Dungeon Overview and Level Annotations

Branches:
Dungeon (12/15)            Temple (1/1) D:4            Lair (0/8) D:10
    Orc: D:9-12

Altars:
Ashenzari
Cheibriados
Dithmenos
Elyvilon
Fedhas
Gozag
Kikubaaqudgha
Makhleb
Nemelex Xobeh
Okawaru
Qazlal
Ru
Sif Muna
Trog
Vehumet
Xom
Yredelemnul
Zin
The Shining One

Shops:
D:9 *   D:10 (

Annotations:
D:12 Azrael


Innate Abilities, Weirdness & Mutations

You reflexively headbutt those who attack you in melee.
You have a pair of horns on your head.


Message History

Azrael is moderately wounded.
You block Azrael's attack.
You hit Azrael. You headbutt Azrael!
Azrael is heavily wounded.
Azrael gestures at you. The sticky flame hits you!
You are covered in liquid flames!
You slash Azrael! You headbutt Azrael, but do no damage.
Azrael is heavily wounded.
You are covered in liquid flames!
You slash Azrael!
Azrael is severely wounded.
You are covered in liquid flames!
Azrael hits you but does no damage.
You hit Azrael but do no damage. You headbutt Azrael, but do no damage.
Azrael is severely wounded.
You are covered in liquid flames!
Azrael gestures at you. The bolt of fire hits you!
You die...

#.#
#.#
#.#
#.#
#h#
#E#
#R#
#@#
#.#
#.#
#.#
#.#
#.#
#.#
#.#
#.#


You could see Azrael, a fire elemental and a hell hound.

Vanquished Creatures
  Gastronok (D:10)
  Josephine (D:10)
  Harold (D:10)
  2 hill giants (D:11)
  An unseen horror (D:11)
  A centaur skeleton (D:11)
  2 trolls
  3 two-headed ogres
  A shadow (D:11)
  2 hippogriffs
  5 wraiths (D:10)
  A fire elemental (D:12)
  A steam dragon (D:8)
  A hungry ghost (D:8)
  Edmund (D:4)
  A water moccasin (D:12)
  5 ogres
  A black bear (D:9)
  A hell hound (D:12)
  3 orc warriors
  4 sky beasts
  A crocodile (D:9)
  3 big kobolds
  4 giant frogs
  A water moccasin skeleton (D:9)
  5 scorpions
  A human zombie (Ossuary)
  7 orc priests
  2 jellies
  16 orc wizards
  2 crimson imps
  Crazy Yiuf (D:2)
  2 centaur zombies
  A hound (D:10)
  3 giant frog skeletons
  4 iguanas
  A quasit (D:7)
  4 worker ants
  5 hound zombies
  A big kobold zombie (Ossuary)
  2 hound skeletons
  4 mummies (Ossuary)
  Robin (D:2)
  6 adders
  5 gnolls (D:8)
  3 shadow imps
  4 adder zombies
  2 worms
  2 adder skeletons
  7 giant geckos
  56 orcs
  8 bats
  3 giant cockroaches
  11 goblins
  10 hobgoblins
  20 jackals
  2 quokkas
  2 giant gecko skeletons
  3 giant newts
  A goblin zombie (Ossuary)
  A hobgoblin zombie (Ossuary)
  A jackal skeleton (D:8)
  2 jackal zombies (Ossuary)
  15 kobolds
  An orc zombie (Ossuary)
  A quokka zombie (D:8)
  6 rats
  A rat zombie (Ossuary)
283 creatures vanquished.

Notes
Turn   | Place    | Note
--------------------------------------------------------------
     0 | D:1      | PossumBlood the Minotaur Fighter began the quest for the Orb.
     0 | D:1      | Reached XP level 1. HP: 19/19 MP: 0/0
   241 | D:1      | Reached XP level 2. HP: 20/27 MP: 1/1
   946 | D:2      | Noticed Robin
   952 | D:2      | Reached skill level 4 in Fighting
   956 | D:2      | Killed Robin
   956 | D:2      | Reached XP level 3. HP: 25/33 MP: 2/2
  1598 | D:2      | Noticed Crazy Yiuf
  1603 | D:2      | Killed Crazy Yiuf
  1603 | D:2      | Reached XP level 4. HP: 13/40 MP: 3/3
  2078 | D:3      | Reached XP level 5. HP: 42/47 MP: 4/4
  2632 | D:3      | Noticed an ogre
  2641 | D:3      | Killed an ogre
  2641 | D:3      | Reached skill level 5 in Fighting
  2641 | D:3      | Reached skill level 5 in Axes
  2641 | D:3      | Reached XP level 6. HP: 33/56 MP: 5/5
  2948 | D:4      | Reached skill level 5 in Shields
  2957 | D:4      | Reached skill level 5 in Armour
  3199 | D:4      | Found a staircase to the Ecumenical Temple.
  3209 | Temple   | Entered the Ecumenical Temple
  3304 | Temple   | Became a worshipper of Warmaster Okawaru
  3371 | D:4      | Reached skill level 6 in Axes
  3371 | D:4      | Reached XP level 7. HP: 51/61 MP: 6/6
  3482 | D:4      | Found a sparkling altar of Nemelex Xobeh.
  3519 | D:4      | Found a glowing silver altar of Zin.
  3585 | D:4      | Noticed Edmund
  3600 | D:4      | Killed Edmund
  3923 | D:5      | Entered Level 5 of the Dungeon
  4069 | D:5      | Reached * piety under Okawaru
  4125 | D:5      | Reached skill level 7 in Axes
  4137 | D:5      | Reached XP level 8. HP: 61/71 MP: 7/7
  4376 | D:5      | Found a sand-covered staircase.
  4386 | Ossuary  | Entered an ossuary
  4647 | D:5      | Reached skill level 8 in Axes
  4751 | D:6      | Reached ** piety under Okawaru
  4902 | D:6      | Reached skill level 9 in Axes
  5956 | D:8      | Reached XP level 9. HP: 29/79 MP: 8/8
  6439 | D:8      | Noticed a two-headed ogre
  6446 | D:8      | Killed a two-headed ogre
  6446 | D:8      | Reached *** piety under Okawaru
  6473 | D:8      | Found a blossoming altar of Fedhas.
  6578 | D:8      | Reached skill level 10 in Axes
  6906 | D:9      | Found Feanoum's Elemental Accessories.
  7162 | D:9      | Reached **** piety under Okawaru
  7548 | D:9      | Identified a scroll of acquirement
  7746 | D:10     | Entered Level 10 of the Dungeon
  7775 | D:10     | Noticed Gastronok
  7788 | D:10     | Killed Gastronok
  7788 | D:10     | Reached ***** piety under Okawaru
  7788 | D:10     | Received a gift from Okawaru
  7788 | D:10     | Reached skill level 11 in Axes
  7788 | D:10     | Reached XP level 10. HP: 19/91 MP: 9/9
  8118 | D:10     | Found Celaix's Antique Weapon Boutique.
  8150 | D:10     | Noticed Josephine
  8160 | D:10     | Killed Josephine
  8160 | D:10     | Reached skill level 12 in Axes
  8199 | D:10     | Found a staircase to the Lair.
  8620 | D:10     | Reached skill level 10 in Fighting
  8791 | D:10     | Noticed Harold
  8802 | D:10     | Killed Harold
  8802 | D:10     | Reached XP level 11. HP: 68/99 MP: 10/10
  9080 | D:11     | Got a brightly glowing halberd
  9085 | D:11     | Identified the +1 halberd "Suaticat" {chop, Int+4} (You found it on level 11 of the Dungeon)
  9102 | D:11     | Reached skill level 10 in Shields
  9105 | D:11     | Noticed an unseen horror
  9120 | D:11     | Killed an unseen horror
  9120 | D:11     | Reached skill level 10 in Armour
  9247 | D:11     | Noticed a hill giant
  9256 | D:11     | Killed a hill giant
  9256 | D:11     | Reached skill level 13 in Axes
  9394 | D:11     | Noticed a hill giant
  9399 | D:11     | Killed a hill giant
  9933 | D:12     | Noticed Azrael
  9953 | D:12     | Killed from afar by Azrael

Action                   |  1- 3 |  4- 6 |  7- 9 | 10-12 || total
-------------------------+-------+-------+-------+-------++-------
Melee: War axe           |   103 |   110 |   310 |   196 ||   719
  Use: Scroll            |     8 |     3 |     9 |     5 ||    25
       Potion            |       |       |    11 |     2 ||    13
  Eat: Fruit             |     3 |     5 |     1 |     7 ||    16
       Bread ration      |       |     1 |     1 |       ||     2
       Beef jerky        |       |       |     2 |       ||     2
       Meat ration       |       |       |     1 |       ||     1
       Pizza             |       |       |     1 |       ||     1
